details: 'faast pussy begs 4 help against militia'

« prev index next »

General information

Mini Map

Players

team 1
Random» UndeadStarbucks (green | 100 APM | 1704 actions | 17:06)
Hero icon 5 Death Knight
Ability icon 3 Death Coil
Ability icon 2 Unholy Aura
Hero icon 3 Lich
Ability icon 2 Frost Nova
Ability icon 1 Frost Armor
Hero icon 2 Crypt Lord
Ability icon 1 Impale
Ability icon 1 Spiked Carapace

» actions
Assign group hotkey309
Basic commands70
Build / train75
Enter build submenu18
Enter hero's abilities submenu11
Give item / drop item6
Right click434
Select / deselect264
Select group hotkey424
Use ability93
1704 total
» units
Acolyte3
Ghoul3
Crypt Fiend5
Obsidian Statue2
Banshee2
15 total
» upgrades
Creature Attack2
Web1
Creature Carapace2
Destroyer Form1
Banshee Training2
Burrow1
9 total
» buildings
Crypt1
Ziggurat6
Graveyard1
Altar of Darkness1
Tomb of Relics1
Nerubian Tower7
Spirit Tower3
Halls of the Dead2
Slaughterhouse1
Sacrificial Pit1
Black Citadel3
Temple of the Damned1
28 total
» build order
00:45 Crypt
00:48 Ziggurat
01:03 Graveyard
01:15 Altar of Darkness
01:19 Tomb of Relics
01:43 Ziggurat
02:34 Nerubian Tower
02:34 Nerubian Tower
02:34 Nerubian Tower
02:43 Spirit Tower
02:59 Ziggurat
04:09 Halls of the Dead
04:44 Nerubian Tower
05:24 Ziggurat
07:26 Slaughterhouse
07:39 Sacrificial Pit
07:41 Ziggurat
07:47 Spirit Tower
09:19 Black Citadel
09:19 Black Citadel
12:30 Temple of the Damned
14:10 Ziggurat
14:11 Spirit Tower
» items
Rod of Necromancy6
Boots of Speed1
Circlet of Nobility1
Scroll of Town Portal3
Moonstone1
Orb of Corruption1
13 total
NightElf3gfjy (yellow | 89 APM | 1521 actions | 17:06)
Hero icon 5 Keeper of the Grove
Ability icon 3 Force of Nature
Ability icon 2 Thorns Aura
Hero icon 3 Dark Ranger
Ability icon 2 Black Arrow
Ability icon 1 Silence

» actions
Assign group hotkey25
Basic commands58
Build / train82
Enter build submenu15
Enter hero's abilities submenu8
Remove unit from queue5
Right click292
Select / deselect189
Select group hotkey803
Use ability44
1521 total
» units
Wisp18
Archer25
Hippogryph16
Forest Troll Shadow Priest1
60 total
» upgrades
Moon Armor1
Improved Bows1
Strength of the Moon1
Hippogryph Taming1
4 total
» buildings
Moon Well7
Altar of Elders1
Ancient of War2
Ancient of Wonders1
Tree of Ages1
Hunter's Hall1
Ancient of Wind2
Tree of Life1
Tree of Eternity1
17 total
» build order
00:23 Moon Well
01:03 Altar of Elders
01:34 Ancient of War
01:42 Moon Well
01:49 Ancient of War
02:11 Ancient of Wonders
02:21 Moon Well
02:35 Moon Well
05:13 Tree of Ages
05:21 Moon Well
06:19 Hunter's Hall
07:03 Moon Well
08:30 Ancient of Wind
08:33 Ancient of Wind
09:00 Tree of Life
14:11 Moon Well
16:01 Tree of Eternity
» items
Scroll of Town Portal1
1 total
Random» UndeadSubZeroLives (purple | 46 APM | 795 actions | 17:06)
Hero icon 4 Death Knight
Ability icon 2 Death Coil
Ability icon 2 Unholy Aura
Hero icon 2 Lich
Ability icon 1 Frost Nova
Ability icon 1 Frost Armor

» actions
Assign group hotkey11
Basic commands17
Build / train54
Enter build submenu22
Enter hero's abilities submenu6
Right click226
Select / deselect207
Select group hotkey204
Use ability48
795 total
» units
Acolyte3
Ghoul3
Crypt Fiend5
Huntress10
Frost Wyrm6
27 total
» upgrades
Strength of the Moon2
Creature Attack3
Creature Carapace2
Web1
Burrow1
Moon Armor2
Sentinel1
Ultravision1
Freezing Breath1
14 total
» buildings
Ziggurat7
Crypt3
Graveyard1
Altar of Darkness1
Tomb of Relics1
Halls of the Dead1
Tree of Ages1
Moon Well2
Black Citadel1
Sacrificial Pit1
Boneyard2
21 total
» build order
00:58 Ziggurat
01:04 Crypt
01:07 Crypt
01:11 Crypt
01:17 Graveyard
01:26 Altar of Darkness
01:44 Ziggurat
02:17 Tomb of Relics
04:04 Ziggurat
05:21 Halls of the Dead
05:59 Ziggurat
06:42 Tree of Ages
07:17 Moon Well
07:34 Ziggurat
08:10 Moon Well
08:24 Black Citadel
10:53 Sacrificial Pit
11:43 Boneyard
11:46 Boneyard
11:55 Ziggurat
12:01 Ziggurat
» items
Rod of Necromancy1
Scroll of Town Portal1
2 total
Random» NightElfWHIM (red | 66 APM | 315 actions | 04:44)
Hero icon 2 Priestess of the Moon
Ability icon 1 Trueshot Aura
Ability icon 1 Searing Arrows

» actions
Assign group hotkey2
Build / train21
Enter build submenu11
Enter hero's abilities submenu2
Right click138
Select / deselect81
Select group hotkey41
Use ability19
315 total
» units
Wisp15
Archer1
16 total
» buildings
Altar of Elders1
Moon Well3
Ancient of War3
Ancient of Wonders1
Hunter's Hall1
9 total
» build order
00:16 Altar of Elders
00:25 Moon Well
01:03 Ancient of War
01:35 Moon Well
02:13 Ancient of Wonders
02:30 Moon Well
02:51 Ancient of War
03:25 Ancient of War
03:55 Hunter's Hall
team 2
HumanSabre3 (blue | 58 APM | 957 actions | 16:30)
Hero icon 6 Mountain King
Ability icon 3 Storm Bolt
Ability icon 2 Bash
Ability icon 1 Avatar

» actions
Assign group hotkey14
Basic commands7
Build / train53
Enter build submenu20
Enter hero's abilities submenu6
Give item / drop item1
Right click432
Select / deselect361
Select group hotkey8
Use ability55
957 total
» units
Peasant9
Rifleman8
Mortar Team3
20 total
» upgrades
Gunpowder2
Armor2
Lumber Harvesting1
Long Rifles1
Fragmentation Shards1
7 total
» buildings
Farm10
Altar of Kings1
Blacksmith1
Barracks2
Arcane Vault1
Scout Tower1
Arcane Tower1
Keep2
Lumber Mill1
Castle1
Workshop2
23 total
» build order
00:14 Farm
00:19 Altar of Kings
00:48 Farm
01:12 Blacksmith
01:20 Farm
01:52 Barracks
02:05 Farm
02:24 Barracks
03:04 Arcane Vault
03:28 Scout Tower
04:01 Arcane Tower
04:36 Farm
05:27 Farm
06:16 Keep
07:35 Lumber Mill
08:43 Castle
08:47 Workshop
10:28 Workshop
10:31 Farm
10:31 Farm
12:11 Farm
12:12 Farm
» items
Scroll of Regeneration6
Lesser Clarity Potion3
Scroll of Town Portal2
11 total
Random» NightElfcelebrieigil (pink | 38 APM | 631 actions | 16:45)
Hero icon 5 Dark Ranger
Ability icon 3 Black Arrow
Ability icon 2 Life Drain

» actions
Assign group hotkey41
Basic commands12
Build / train58
Enter build submenu17
Enter hero's abilities submenu5
Give item / drop item4
Remove unit from queue1
Right click132
Select / deselect147
Select group hotkey180
Use ability34
631 total
» units
Wisp13
Archer7
Huntress9
Hippogryph5
Chimaera3
37 total
» upgrades
Ultravision1
Strength of the Wild3
Reinforced Hides2
Corrosive Breath1
7 total
» buildings
Moon Well9
Ancient of War1
Altar of Elders1
Ancient of Wonders1
Hunter's Hall1
Tree of Ages1
Tree of Eternity1
Ancient of Wind2
Chimaera Roost2
19 total
» build order
00:36 Moon Well
00:51 Moon Well
00:58 Ancient of War
01:26 Altar of Elders
01:48 Ancient of Wonders
02:23 Moon Well
03:11 Hunter's Hall
04:20 Tree of Ages
04:37 Moon Well
05:44 Moon Well
07:38 Tree of Eternity
07:55 Ancient of Wind
08:09 Ancient of Wind
09:06 Moon Well
09:16 Moon Well
10:19 Chimaera Roost
10:35 Chimaera Roost
11:26 Moon Well
12:00 Moon Well
» items
Scroll of Town Portal5
5 total
Random» Undeadfaast (orange | 40 APM | 681 actions | 16:49)
Hero icon 4 Crypt Lord
Ability icon 2 Carrion Beetles
Ability icon 2 Impale
Hero icon 2 Death Knight
Ability icon 1 Death Coil
Ability icon 1 Unholy Aura

» actions
Basic commands61
Build / train42
Enter build submenu14
Enter hero's abilities submenu6
Give item / drop item1
Remove unit from queue4
Right click248
Select / deselect277
Use ability28
681 total
» units
Acolyte4
Ghoul8
Crypt Fiend6
18 total
» upgrades
Creature Attack2
Creature Carapace1
Web1
Unholy Strength1
5 total
» buildings
Ziggurat5
Altar of Darkness1
Crypt1
Nerubian Tower1
Graveyard1
Necropolis3
Halls of the Dead1
Tomb of Relics1
Spirit Tower2
Black Citadel1
17 total
» build order
00:12 Ziggurat
00:15 Altar of Darkness
00:35 Crypt
01:02 Ziggurat
01:23 Nerubian Tower
01:39 Graveyard
03:06 Ziggurat
04:32 Necropolis
05:49 Halls of the Dead
06:35 Ziggurat
07:20 Tomb of Relics
07:44 Spirit Tower
08:57 Necropolis
10:32 Ziggurat
12:19 Spirit Tower
16:02 Necropolis
16:17 Black Citadel
» items
Scroll of Town Portal2
Potion of Healing1
Potion of Mana1
4 total
HumanTheMiner (teal | 47 APM | 811 actions | 17:06)

» actions
Assign group hotkey3
Basic commands122
Build / train43
Remove unit from queue1
Right click464
Select / deselect128
Use ability50
811 total
» units
Peasant42
42 total
» buildings
Keep0
0 total
» build order
03:03 Keep

Chat log

(00:39 / Allies) Sabre3: teal afk
(00:46 / Allies) faast: yp
(00:48 / Allies) faast: rush
(00:59 / Allies) Sabre3: hes back
(01:02 / Allies) Sabre3: rilfes morts here

(02:51 / Allies) Sabre3: hes just a bser
(02:53 / Allies) Sabre3: not playing
(03:11 / Allies) faast: that sucks
(03:57 / Allies) Sabre3: wtf is the point teal
(04:44 / Allies) Sabre3: seriously man
(04:56 / Allies) faast: pink help kill him
(05:12 / Allies) TheMiner: fuck off pussy
(05:15 / Allies) TheMiner: troll
(05:15 / Allies) TheMiner: tk
(05:21 / Allies) Sabre3: your fucking trolling
(05:25 / Allies) TheMiner: he trying to tk me
(05:27 / Allies) faast: guys help kill him
(05:35 / Allies) Sabre3: you wont say shitr
(05:36 / Allies) TheMiner: what a pussy
(05:40 / Allies) TheMiner: I WAS TECHING!
(05:44 / Allies) faast: finish him
(05:48 / Allies) Sabre3: you dont fuckin tech with no farms
(06:02 / Allies) TheMiner: STRAIGHT TECH TO TANKS YA DUMB FUCK
(06:08 / Allies) faast: well if you arent going to help
(06:10 / Allies) Sabre3: fucking late to game
(06:12 / Allies) Sabre3: then tech
(06:19 / Allies) TheMiner: SO WHAT
(06:24 / Allies) TheMiner: You don't have to try to tk me!
(06:28 / Allies) Sabre3: SO SAY FUCKING SOMETHING
(06:32 / Allies) Sabre3: DONT JUST SIT THERE
(06:47 / Allies) faast: nah, he was getting ready to tk
(06:57 / All) TheMiner: MY TEAM TRY TO TK ME WTF

(08:58 / All) TheMiner: HELP ME
(09:12 / All) TheMiner: hit orange not me
(09:14 / All) Starbucks: leave them alowne
(09:35 / All) TheMiner: THANKS GUYS
(09:38 / All) TheMiner: THIS TEAM IS FULL OF TKS!
(10:21 / All) TheMiner: MY TEAM TRIES TO STEAL MY LAND
(11:17 / Allies) Sabre3: getting heal
(11:18 / Allies) Sabre3: then couter
(11:55 / Allies) TheMiner: you're such a chump lmao
(12:11 / Allies) TheMiner: pussy begging for help against militia
(12:28 / All) TheMiner: orange is trying to expo below him
(12:54 / Allies) TheMiner: next time I'll militia tk your scrub ass
(13:01 / Allies) TheMiner: straight up pussy
(13:21 / All) TheMiner: orange has almost 4k games on that account
(13:24 / All) TheMiner: and this is how bad he is lol
(13:55 / All) TheMiner: you guys shouldn't have killed my militia
(14:19 / All) TheMiner: pink is going chims
(14:31 / Allies) Sabre3: tp oranmge
(14:53 / Allies) Sabre3: orange t
(14:54 / Allies) Sabre3: tp
(15:01 / 5) TheMiner: use hippo rider on morts next tiem
(15:02 / All) TheMiner: out
(15:06 / All) TheMiner: out
(15:16 / All) TheMiner: Actually
(15:18 / All) TheMiner: you can win that battle
(15:28 / All) TheMiner: kill mort
(15:31 / All) TheMiner: fight purple
(15:52 / All) TheMiner: man my team won lawl

(16:55 / All) TheMiner: wow
(16:57 / All) TheMiner: I alt tabbed
(16:58 / All) Starbucks: lol
(16:59 / All) TheMiner: to this good news
(17:01 / All) TheMiner: Thanks guys
(17:05 / All) TheMiner: Faast is a punk